 Dungeon Crawl Stone Soup version 0.30-a0-949-g53dc5368d7 (webtiles) character file.

Game seed: 12709878957474088059

114926 ThatPearl the Thaumaturge (level 17, -6/108 HPs)
             Began as a Djinni Fire Elementalist on Mar 28, 2023.
             Was the Champion of Makhleb.
             Mangled by a demonic crawler (22 damage)
             ... on level 3 of the Spider Nest.
             The game lasted 02:06:34 (24709 turns).

ThatPearl the Thaumaturge (DjFE)                   Turns: 24709, Time: 02:06:34

Health: -6/108     AC: 19    Str:  9    XL:     17   Next: 22%
Gold:   1677       EV: 18    Int: 27    God:    Makhleb [******] SH: 13 Dex: 13

rFire   + + +      SeeInvis +    O - +10 lance "Wyrmbane" {slay drac, rPois rF+ rC+ AC+3}
rCold   . . .      Faith    .    p - +2 buckler
rNeg    . . .      Spirit   .    X - +1 troll leather armour
rPois   ∞          Reflect  +    Q - +2 hat {Int+3}
rElec   .          Rampage  .    c - +2 cloak of the Thief {*Fog Slay-2 SInv Stlth+}
rCorr   .                        D - +2 pair of gloves
Will    ++...                    (boots unavailable)
Stlth   +++                      W - amulet of reflection
HPRegen 1.18/turn                t - +5 ring of evasion
MPRegen 0.00/turn                b - ring of willpower

@: flying
A: sickness immunity, fire resistance 2, cold vulnerability 1, float, innate
caster, HP casting, extra vitality 1, frail 1
a: Renounce Religion, Minor Destruction, Lesser Servant of Makhleb, Major
Destruction, Greater Servant of Makhleb


You were on level 3 of the Spider Nest.
You worshipped Makhleb.
Makhleb was exalted by your worship.
You visited 5 branches of the dungeon, and saw 24 of its levels.
You also visited: Bailey and Gauntlet.

You collected 2210 gold pieces.
You spent 533 gold pieces at shops.

Inventory:

Hand Weapons
 J - a +6 great sword
 O - the +10 lance "Wyrmbane" (weapon) {slay drac, rPois rF+ rC+ AC+3}
   (You took it off Maggie on level 8 of the Dungeon)

   AC:        It affects your AC (+3).
   rF:        It protects you from fire.
   rC:        It protects you from cold.
   rPois:     It protects you from poison.
Missiles
 F - 5 curare-tipped darts
 I - a throwing net
 N - 12 silver boomerangs
Armour
 c - the +2 cloak of the Thief (worn) {*Fog Slay-2 SInv Stlth+}
   (You found it on level 10 of the Dungeon)

   *Fog:      It may release a thick cloud of smoke when the wearer is hurt.
   Slay:      It affects your accuracy & damage with ranged weapons and melee
   (-2).
   SInv:      It lets you see invisible.
   Stlth:     It makes you more stealthy.
 p - a +2 buckler (worn)
 D - a +2 pair of gloves (worn)
 E - a +2 robe of the Archmagi
 L - +3 ice dragon scales
 Q - a +2 hat of intelligence (worn)
 X - a +1 troll leather armour (worn)
Magical Staves
 o - a staff of air
 u - the staff of poison "Wuivul" {rPois Dex+3}
   (You found it in a Gauntlet)

   [staff of poison]

   Your inability to study Poison Magic prevents you from drawing on the full
   power of this staff in melee.
   Base accuracy: +5 Base damage: 5 Base attack delay: 1.2 This weapon's minimum
   attack delay (0.6) is reached at skill level 12.
   Dex:       It affects your dexterity (+3).
   rPois:     It protects you from poison.
   It falls into the 'Staves' category.
   It is a one-handed weapon.
Jewellery
 b - a ring of willpower (right hand)
 g - a ring of resist corrosion
 t - a +5 ring of evasion (left hand)
 V - a ring of fire
 W - an amulet of reflection (around neck)
 Y - a ring of protection from cold
Wands
 s - a wand of flame (50)
 B - a wand of digging (4)
 P - a wand of iceblast (10)
 S - a wand of light (7)
 U - a wand of polymorph (3)
 Z - a wand of mindburst (16)
Scrolls
 a - a scroll of brand weapon
 d - a scroll of enchant armour
 e - 3 scrolls of fog
 l - 2 scrolls of identify
 m - 2 scrolls of blinking
 q - a scroll of poison
 r - 14 scrolls of teleportation
 x - 3 scrolls of immolation
 y - 2 scrolls of silence
 z - a scroll of enchant weapon
 G - 2 scrolls of torment
 K - 2 scrolls of magic mapping
Potions
 f - 8 potions of haste
 h - a potion of heal wounds
 i - 5 potions of cancellation
 j - 3 potions of mutation
 k - 2 potions of berserk rage
 n - a potion of invisibility
 v - 5 potions of brilliance
 w - 7 potions of curing
 A - 2 potions of might
 C - 4 potions of attraction
 H - 3 potions of lignification
 T - a potion of ambrosia
Miscellaneous
 M - a phantom mirror
 R - a phantom mirror


   Skills:
 - Level 11.0 Fighting
 + Level 11.7 Polearms
 - Level 11.0 Armour
 - Level 5.0 Dodging
 - Level 1.5 Stealth
 - Level 8.0 Shields
 + Level 13.9 Spellcasting
 - Level 3.1 Invocations


You knew the following spells:

 Your Spells              Type           Power      Damage    Failure   Level
a - Magic Dart            Conj           100%       1d8       0%          1
b - Scorch                Fire           100%       2d10      1%          2
c - Arcjolt               Conj/Air       38%        1d48      1%          5
d - Dispersal             Tloc           38%        N/A       2%          6
e - Flame Wave            Conj/Fire      76%        2d17      1%          4
f - Foxfire               Conj/Fire      100%       2x1d9     0%          1
g - Gell's Gravitas       Tloc           76%        N/A       1%          3
h - Blade Hands           Tmut           38%        N/A       1%          5
i - Inner Flame           Hex/Fire       76%        N/A       1%          3
l - Lesser Beckoning      Tloc           100%       N/A       1%          2
s - Kindle Blastsparks    Fire/Tloc/Air  100%       2d18      1%          3
w - Passwall              Tmut/Erth      63%        N/A       1%          2
x - Eringya's Noxious Bo  Tmut/Pois      38%        N/A       2%          6
Your spell library was empty.

Dungeon Overview and Level Annotations

Branches:
Dungeon (13/15)            Temple (1/1) D:6            Lair (5/5) D:8
 Shoals (0/4) Lair:3       Spider (3/4) Lair:3          Orc (2/2) D:11
    Elf (0/3) Orc:2        Bailey (visited)         Gauntlet (visited)
  Slime: Lair:4-5    Vaults: D:13-14

Altars:
Ashenzari
Cheibriados
Dithmenos
Elyvilon
Fedhas
Gozag
Makhleb
Qazlal
Ru
Trog
Uskayaw
Wu Jian
Xom
Yredelemnul
Zin

Shops:
D:13 ?   Orc:2 [:*(

Portals:
Trove: D:13 (give 15 scrolls of teleportation)

Annotations:
D:10 2 transporters, TheSexyCheese's ghost, novice DEFE
D:12 3 runed translucent doors, Esyecac's ghost, journeyman GnWn; Ezorr's ghost, adept OpAE
D:13 3 runed translucent doors, Posofib's ghost, journeyman MiFi
Spider:1 3 runed translucent doors, Luivetop's ghost, journeyman DgIE; Rudyous's ghost, adept GnFE; miket3c's ghost, journeyman MiFi; relicbr's ghost, journeyman SpDe; roninjake's ghost, adept MiFi


Innate Abilities, Weirdness & Mutations

You are immune to sickness and miasma.
You are immune to poison.
Your flesh is very heat resistant. (rF++)
You are vulnerable to cold. (rC-)
You float through the air rather than walking.
You learn spells naturally, not from books.
Your magical power is your life essence.
You have superior vitality. (+4 MHP)
You are frail. (-10% HP)


Message History

Electricity surges outward!
A moth of wrath comes into view.
The demonic crawler hits you but does no damage.
The demonic crawler completely misses you.
The demonic crawler hits you.
Casting: Arcjolt (mildly dangerous; 1% risk of failure)
Confirm with . or Enter, or press ? or * to list all spells.
Casting: Flame Wave (safe; 1% risk of failure)
Press: ? - help, Dir - look around, f - activate A wave of flame ripples out!
The flame wave engulfs the moth of wrath!!
The moth of wrath is heavily wounded.
The flame wave engulfs the demonic crawler!
The demonic crawler is heavily wounded. (Press . to intensify the flame waves.)
* * * LOW HITPOINT WARNING * * *
The demonic crawler hits you.
* * * LOW HITPOINT WARNING * * *
The demonic crawler barely misses you. You block the demonic crawler's attack.
The moth of wrath goads the demonic crawler on!
The demonic crawler goes berserk!
You block the demonic crawler's attack. The demonic crawler barely misses you.
The demonic crawler hits you.
* * * LOW HITPOINT WARNING * * *
The moth of wrath bites you but does no damage.
Unknown command.
Okay, then.
Unknown command.
Casting: Flame Wave (safe; 1% risk of failure)
Confirm with . or Enter, or press ? or * to list all spells.
Casting: Dispersal (dangerous; 2% risk of failure)
Press: ? - help, Dir - look around, f - activate The demonic crawler blinks!
The moth of wrath disappears!
* * * LOW HITPOINT WARNING * * *
The demonic crawler hits you.
* * * LOW HITPOINT WARNING * * *
The demonic crawler closely misses you. You block the demonic crawler's attack.
The demonic crawler hits you.
* * * LOW HITPOINT WARNING * * *
The demonic crawler hits you!!
You die...

##### ### ####### #.#.##
######.# ......# #.#..#
#...#..##...... . #...#
#..#..§§§§...#..# ....#
##...##§§#§....^. ##..##
#...##.#@s§...#
###..#####..#$###§§##....
##...##...## #### .
#.##..#..## #..#.#...#
########.# ###


You could see a demonic crawler (berserk).

Vanquished Creatures
  Gastronok (D:8)
  An emperor scorpion (Spider:3)
  A ghost moth (Spider:1)
  An orc warlord (Orc:2)
  A broodmother (Spider:2)
  Azrael (D:13)
  4 spark wasps
  A minotaur (Gauntlet)
  Josephine (D:12)
  A fire dragon (D:9)
  An entropy weaver (Spider:1)
  A hydra (Lair:4)
  A death knight (D:10)
  A radroach (Spider:1)
  An ogre mage (D:10)
  6 two-headed ogres
  6 boulder beetles
  2 centaur warriors (D:13)
  6 orc high priests
  Sonja (D:13)
  A pharaoh ant (Spider:2)
  A sixfirhy (Gauntlet)
  3 skysharks
  2 orb spiders
  2 deep elf pyromancers
  A lindwurm (Lair:3)
  2 harpies (Lair:3)
  6 wolf spiders
  3 oklob plants
  2 steelbarb worms
  3 orc knights
  5 orc sorcerers
  A manticore (D:11)
  An ugly thing (D:13)
  2 cyclopes (D:10)
  3 moths of wrath
  5 black mambas
  4 elephants
  2 torpor snails
  7 demonic crawlers (Spider:2)
  Maggie (D:8)
  The ghost of Jackthecabe the Trooper, a novice DjHW (D:5)
  Psyche (D:8)
  4 cane toads
  3 gargoyles
  An unseen horror (D:12)
  2 yaktaurs (D:10)
  6 komodo dragons
  A kobold demonologist (D:10)
  A rime drake (Lair:2)
  A queen bee (Gauntlet)
  6 trolls
  A hornet (D:11)
  3 tarantellas
  2 polar bears
  19 blink frogs
  A centaur simulacrum (D:10)
  12 slime creatures
  6 shadows
  3 spriggans (Bailey)
  11 jumping spiders
  A vampire (D:10)
  4 culicivoras (Spider:2)
  6 wyverns
  Eustachio (D:4)
  8 wraiths
  A fire elemental (D:13)
  26 yaks
  19 redbacks
  6 steam dragons
  8 vampire mosquitoes
  A basilisk (shapeshifter) (D:13)
  2 basilisks
  3 wargs
  9 water moccasins
  4 hell hounds (D:13)
  3 acid dragons
  29 orc warriors
  A sky beast (D:6)
  11 ogres
  20 wolves
  2 boggarts (D:10)
  2 phantoms (D:5)
  3 centaurs
  6 kobold brigands
  11 bullfrogs
  2 gnoll sergeants
  4 scorpions
  11 wights
  11 killer bees
  2 howler monkeys
  An electric eel (D:8)
  22 orc priests
  2 gnoll boudas
  7 hounds
  A jelly (D:8)
  Ijyb (D:4)
  6 iguanas
  A sleepcap (D:6)
  16 orc wizards
  7 hell rats (Lair:1)
  17 gnolls
  8 adders
  A shadow imp (D:6)
  2 ufetubi (Gauntlet)
  A worm (D:5)
  3 dart slugs
  61 orcs
  10 bats
  6 endoplasms
  4 giant cockroaches
  6 goblins
  7 hobgoblins
  18 jackals
  43 kobolds
  2 quokkas
  7 ball pythons
  6 frilled lizards
  3 rats
  2 bushes (Lair:4)
669 creatures vanquished.

Vanquished Creatures (collateral kills)
  5 foxfires
5 creatures vanquished.

Vanquished Creatures (others)
  A deep elf pyromancer (D:13)
  A sky beast (D:7)
  An orc wizard (D:9)
  A gnoll (D:8)
  877 foxfires
  27 fungi
  67 plants
  5 withered plants (D:12)
980 creatures vanquished.

Grand Total: 1654 creatures vanquished

Notes
Turn   | Place    | Note
-------+----------+-------------------------------------------
     0 | D:1      | ThatPearl the Djinni Fire Elementalist began the quest for
                  | the Orb.
     0 | D:1      | ThatPearl set off with the following spells memorised:
                  | Foxfire, Scorch, Kindle Blastsparks, Inner Flame, Flame
                  | Wave.
     0 | D:1      | Reached XP level 1. HP: 15/15 MP: 0/0
    39 | D:1      | Found a faded altar of an unknown god.
    64 | D:1      | Reached XP level 2. HP: 19/21 MP: 0/0
   118 | D:1      | Reached skill level 3 in Spellcasting
   230 | D:1      | Reached XP level 3. HP: 4/25 MP: 0/0
   230 | D:1      | Learned a level 1 spell: Magic Dart
  1070 | D:2      | Reached XP level 4. HP: 26/31 MP: 0/0
  2012 | D:3      | Reached skill level 4 in Spellcasting
  2012 | D:3      | Reached XP level 5. HP: 36/36 MP: 0/0
  2012 | D:3      | Learned a level 2 spell: Passwall
  2112 | D:3      | Reached skill level 1 in Fighting
  2398 | D:4      | Noticed Ijyb
  2418 | D:4      | Killed Ijyb
  2505 | D:4      | Noticed Eustachio
  2583 | D:4      | Killed Eustachio
  2584 | D:4      | Reached XP level 6. HP: 33/43 MP: 0/0
  3085 | D:4      | Reached XP level 7. HP: 40/49 MP: 0/0
  3085 | D:4      | Learned a level 2 spell: Lesser Beckoning
  3198 | D:5      | Entered Level 5 of the Dungeon
  3214 | D:4      | Reached skill level 5 in Spellcasting
  3591 | D:5      | Reached XP level 8. HP: 38/56 MP: 0/0
  3605 | D:5      | Found a shimmering altar of Xom.
  3612 | D:5      | Found a shimmering altar of Xom.
  3914 | D:5      | Found a shimmering altar of Xom.
  3940 | D:5      | Found a shimmering altar of Xom.
  3942 | D:5      | Found a shimmering altar of Xom.
  3942 | D:5      | Found a shimmering altar of Xom.
  4005 | D:5      | Reached skill level 5 in Dodging
  4067 | D:5      | Found a runed translucent gate.
  4068 | D:5      | Found a runed translucent gate.
  4069 | D:5      | Found a runed translucent gate.
  4071 | D:5      | Noticed Jackthecabe's ghost (novice DjHW)
  4104 | D:5      | Found a basalt altar of Yredelemnul.
  4105 | D:5      | Found a hide-covered altar of Uskayaw.
  4225 | D:6      | Reached skill level 6 in Spellcasting
  4467 | D:6      | Found a staircase to the Ecumenical Temple.
  4475 | Temple   | Entered the Ecumenical Temple
  4509 | Temple   | Became a worshipper of Makhleb the Destroyer
  4771 | D:6      | Reached XP level 9. HP: 59/64 MP: 0/0
  4771 | D:6      | Learned a level 3 spell: Gell's Gravitas
  4858 | D:6      | Reached skill level 5 in Fighting
  4886 | D:6      | Reached skill level 7 in Spellcasting
  5341 | D:7      | Found a flagged portal.
  5355 | D:7      | Reached * piety under Makhleb
  5423 | D:7      | Reached skill level 8 in Spellcasting
  5612 | Bailey   | Entered a bailey
  5649 | Bailey   | Reached XP level 10. HP: 69/73 MP: 0/0
  5984 | Bailey   | Noticed a two-headed ogre
  5997 | Bailey   | Reached skill level 9 in Spellcasting
  6004 | Bailey   | Killed a two-headed ogre
  6005 | Bailey   | Reached skill level 1 in Armour
  6742 | D:8      | Noticed Maggie
  7073 | D:8      | Reached ** piety under Makhleb
  7107 | D:8      | Killed Maggie
  7200 | D:8      | Reached XP level 11. HP: 53/81 MP: 0/0
  7200 | D:8      | Learned a level 5 spell: Arcjolt
  7334 | D:8      | Noticed Psyche
  7348 | D:8      | Killed Psyche
  7349 | D:8      | Reached skill level 1 in Polearms
  7565 | D:8      | Noticed Gastronok
  7620 | D:8      | Killed Gastronok
  7621 | D:8      | Reached skill level 10 in Spellcasting
  7872 | D:8      | Found a staircase to the Lair.
  8805 | D:9      | Reached *** piety under Makhleb
  8973 | D:10     | Entered Level 10 of the Dungeon
  9122 | D:10     | Found a transporter.
  9124 | D:10     | Noticed TheSexyCheese's ghost (novice DEFE)
  9125 | D:10     | Noticed a moth of wrath
  9190 | D:10     | Found a transporter.
  9248 | D:10     | Noticed a cyclops
  9255 | D:10     | Reached skill level 5 in Armour
  9255 | D:10     | Reached skill level 1 in Shields
  9260 | D:10     | Noticed a two-headed ogre
  9584 | D:10     | Noticed a two-headed ogre
  9589 | D:10     | Noticed a fire dragon
  9857 | Lair:1   | Entered Level 1 of the Lair of Beasts
  9857 | Lair:1   | Found a sacrificial altar of Ru.
 10208 | Lair:1   | Reached XP level 12. HP: 86/90 MP: 0/0
 10263 | Lair:1   | Reached skill level 1 in Invocations
 10290 | Lair:1   | Noticed a boulder beetle
 10291 | Lair:1   | Reached **** piety under Makhleb
 10323 | D:8      | HP: 1/90 [blink frog (14)]
 11294 | Lair:1   | Killed a boulder beetle
 11496 | D:5      | Killed Jackthecabe's ghost
 11876 | Lair:1   | Noticed a skyshark
 11898 | Lair:1   | Noticed a boulder beetle
 11913 | Lair:1   | Killed a boulder beetle
 11913 | Lair:1   | Reached ***** piety under Makhleb
 11914 | Lair:1   | Reached skill level 10 in Fighting
 12397 | Lair:1   | Killed a skyshark
 12608 | Lair:2   | Reached skill level 5 in Polearms
 12615 | Lair:2   | Reached skill level 5 in Shields
 12903 | Lair:2   | Reached XP level 13. HP: 97/97 MP: 0/0
 12903 | Lair:2   | Learned a level 5 spell: Blade Hands
 12913 | Lair:2   | Reached skill level 11 in Spellcasting
 13470 | Lair:3   | Found a staircase to the Shoals.
 14122 | Lair:3   | Found a hole to the Spider Nest.
 14616 | Lair:4   | Noticed a seven-headed hydra
 14627 | Lair:4   | Killed a seven-headed hydra
 15002 | Lair:4   | Found a blossoming altar of Fedhas.
 15550 | Lair:5   | Entered Level 5 of the Lair of Beasts
 15825 | D:10     | Found a stormy altar of Qazlal.
 15835 | D:10     | Reached ****** piety under Makhleb
 16118 | D:9      | Killed a fire dragon
 16119 | D:9      | Reached XP level 14. HP: 72/105 MP: 0/0
 16852 | D:10     | Reached skill level 12 in Spellcasting
 17545 | D:10     | Found the +2 cloak of the Thief {*Fog Slay-2 SInv Stlth+}
 17858 | D:11     | You are sucked into a shaft and drop 1 floor!
 17901 | D:12     | Found a runed translucent gate.
 17901 | D:12     | Found a runed translucent gate.
 17901 | D:12     | Found a runed translucent gate.
 17901 | D:12     | Found a gate leading to a gauntlet.
 17901 | D:12     | Noticed Esyecac's ghost (journeyman GnWn)
 17902 | D:12     | Noticed Ezorr's ghost (adept OpAE)
 17911 | Gauntlet | Entered a Gauntlet
 17911 | Gauntlet | Found a transporter.
 17911 | Gauntlet | Found a transporter.
 17911 | Gauntlet | Found a transporter.
 17915 | Gauntlet | Found a transporter.
 17915 | Gauntlet | Found a transporter.
 17929 | Gauntlet | Found a transporter.
 17935 | Gauntlet | Found a transporter.
 17956 | Gauntlet | Found a transporter.
 17958 | Gauntlet | Found a transporter.
 18015 | Gauntlet | Found a transporter.
 18029 | Gauntlet | Found a transporter.
 18053 | Gauntlet | Found a transporter.
 18154 | Gauntlet | Identified the -1 pair of boots of the Bulwark {+Blink Fly
                  | SInv}
 18326 | Gauntlet | Noticed a minotaur
 18345 | Gauntlet | Killed a minotaur
 18377 | Gauntlet | Identified the staff of poison "Wuivul" {rPois Dex+3}
 18460 | D:12     | Noticed Josephine
 18468 | D:12     | Killed Josephine
 18823 | D:11     | Found a bloodstained altar of Trog.
 18987 | D:11     | Found a staircase to the Orcish Mines.
 19817 | Orc:1    | Entered Level 1 of the Orcish Mines
 20160 | Orc:1    | Reached XP level 15. HP: 100/110 MP: 0/0
 20160 | Orc:1    | Learned a level 6 spell: Dispersal
 20287 | Orc:2    | Entered Level 2 of the Orcish Mines
 20401 | Orc:2    | Noticed an orc warlord
 20488 | Orc:2    | Killed an orc warlord
 20668 | Orc:2    | Gained mutation: You are frail. (-10% HP) [a neqoxec]
 20788 | Orc:2    | Reached skill level 13 in Spellcasting
 20935 | Orc:2    | Found Agguwoq's Book Shoppe.
 21010 | Orc:2    | Found Mism's Antique Armour Boutique.
 21098 | Orc:2    | Found a staircase to the Elven Halls.
 21127 | Orc:2    | Found Zuidosoco's Antique Weapon Emporium.
 21243 | Orc:2    | Found Inifoe's General Store.
 21252 | Orc:2    | Bought a scroll of identify for 34 gold pieces
 21252 | Orc:2    | Bought a wand of light (4) for 285 gold pieces
 21253 | Orc:2    | Reached skill level 10 in Polearms
 21253 | Orc:2    | Reached skill level 10 in Armour
 21253 | Orc:2    | Reached XP level 16. HP: 104/104 MP: 0/0
 21626 | D:13     | Found a portal to a secret trove of treasure.
 21658 | D:13     | Found Zaibripp's Magic Scroll Shop.
 21689 | D:13     | Bought a scroll of teleportation for 33 gold pieces
 21689 | D:13     | Bought a scroll of torment for 104 gold pieces
 21689 | D:13     | Bought a scroll of teleportation for 33 gold pieces
 21689 | D:13     | Bought a scroll of identify for 22 gold pieces
 21689 | D:13     | Bought a scroll of identify for 22 gold pieces
 21816 | D:13     | Noticed Azrael
 21817 | D:13     | Found a runed translucent gate.
 21818 | D:13     | Found a runed translucent gate.
 21829 | D:13     | Killed Azrael
 21856 | D:13     | Found a runed translucent gate.
 21857 | D:13     | Noticed Posofib's ghost (journeyman MiFi)
 22139 | D:13     | Noticed Sonja
 22142 | D:13     | Killed Sonja
 22407 | Spider:1 | Entered Level 1 of the Spider Nest
 23334 | Spider:1 | Found a runed translucent gate.
 23334 | Spider:1 | Found a runed translucent gate.
 23334 | Spider:1 | Found a runed translucent gate.
 23334 | Spider:1 | Noticed roninjake's ghost (adept MiFi)
 23334 | Spider:1 | Noticed Luivetop's ghost (journeyman DgIE)
 23335 | Spider:1 | Noticed Rudyous's ghost (adept GnFE)
 23335 | Spider:1 | Noticed miket3c's ghost (journeyman MiFi)
 23335 | Spider:1 | Noticed relicbr's ghost (journeyman SpDe)
 23959 | Spider:2 | Reached XP level 17. HP: 79/108 MP: 0/0
 23959 | Spider:2 | Learned a level 6 spell: Eringya's Noxious Bog
 24709 | Spider:3 | Mangled by a demonic crawler

Illustrated notes

Levels and vault maps discovered:
D:1:      sevenhm_arrival_forest_fort_small_4, layout_basic,
          dreamdust_ecumenical_altar_grove, chequers_serial_rivers_micro_c
D:2:      layout_basic, guppyfry_early_lair_pool
D:3:      layout_rooms, eino_curves_03, minivault_14
D:4:      cheibrodos_thug_alley, layout_cave_pools, serial_column_ruins,
          column_ruins_columns_straight, column_ruins_grid_1,
          column_ruins_open_tiny, minmay_misc_feat_cross, uniq_ijyb,
          uniq_eustachio
D:5:      layout_cave_pools, xom_redecorated, gammafunk_temple_overflow_pools,
          biasface_ghost_orc_armoury
D:6:      layout_basic, minmay_temple_entry_drinking_statues
D:7:      layout_rooms, enter_bailey_6, hangedman_decor_peaks_small
D:8:      layout_basic, erik_lair_island, minivault_5,
          minmay_unpleasant_kobolds, uniq_maggie, uniq_psyche, uniq_gastronok
D:9:      layout_roguey, vehumet_crystals
D:10:     minmay_the_grid_square_5x5_4x4 [minmay_the_grid_square_5x5_forky,
          minmay_the_grid_square_5x5_broken_cross,
          minmay_the_grid_square_5x5_eight_small,
          minmay_the_grid_square_5x5_shrine1,
          minmay_the_grid_square_5x5_sharp_hourglass,
          minmay_the_grid_square_5x5_prize_open,
          minmay_the_grid_square_5x5_prize_itemx,
          minmay_the_grid_square_5x5_checkered, minmay_the_grid_square_5x5_six,
          minmay_the_grid_square_5x5_prize_deathbox,
          minmay_the_grid_square_5x5_prize_monsterx,
          minmay_the_grid_square_5x5_z, minmay_the_grid_square_5x5_mess,
          minmay_the_grid_square_5x5_lines, minmay_the_grid_square_5x5_inner_v,
          minmay_the_grid_square_5x5_detours], layout_rooms,
          gammafunk_ghost_berserking_beasts
D:11:     layout_basic, david_orc_2, trog_butcher_becter
D:12:     layout_loops_cross, gauntlet_entry_generic, gammafunk_ghost_cemetery,
          uniq_josephine
D:13:     layout_loops_ring, gammafunk_ghost_spectres,
          nicolae_trove_entry_isolated, serial_shops,
          nicolae_shop_advertising_works [nicolae_subvault_shop_adworks],
          uniq_azrael, uniq_sonja
Temple:   regret_index_temple_mists
Lair:1:   layout_concentric_octagons, lemuel_altar_in_water2,
          chequers_serial_rivers_micro_b, minmay_shattered_shrine,
          serial_bayou_shore_a
Lair:2:   layout_long_grid, serial_bayou_shore_b
Lair:3:   layout_cave_shapes, nicolae_shoals_entry_roost,
          spider_nest_entry_web_field
Lair:4:   layout_cave_pods, tgw_fedhas
Lair:5:   minmay_lair_end_frog_pond, layout_misc_corridors,
          nicolae_slime_entry_field_trip, kennysheep_rathole
Spider:1: layout_spider_delve, gammafunk_ghost_cemetery,
          nicolae_spider_not_touching_you
Spider:2: layout_spider_delve, nicolae_spider_webs_and_nodes,
          einodemon_crawler_minivault
Spider:3: layout_spider_delve
Orc:1:    layout_diamond_mine
Orc:2:    grunt_orc_gardens, layout_caves, grunt_orc_garden, grunt_orc_garden,
          grunt_orc_garden, grunt_orc_garden

Skill      XL: |  1  2  3  4  5  6  7  8  9 10 11 12 13 14 15 16 |
---------------+-------------------------------------------------+-----
Spellcasting   | 3 4 5 6 8 9 10 11 12 13 | 13.9
Fighting       | 2 3 4 6 8 9 10 11 | 11.0
Dodging        | 3 4 5 |  5.0
Armour         | 3 5 8 10 11 | 11.0
Polearms       | 3 5 7 9 10 11 | 11.7
Shields        | 2 5 8 |  8.0
Invocations    | 3 |  3.1
Stealth        | |  1.5

Action                     |  1- 3 |  4- 6 |  7- 9 | 10-12 | 13-15 | 16-18 || total
---------------------------+-------+-------+-------+-------+-------+-------++-------
  Melee: Unarmed           |     1 |       |       |       |       |       ||     1
         Dagger            |       |     2 |       |       |       |       ||     2
         Staff             |       |       |     1 |       |       |       ||     1
         Lance             |       |       |       |   122 |   169 |    80 ||   371
         Punch             |       |       |       |     1 |       |       ||     1
  Throw: Throwing net      |       |       |       |     1 |       |       ||     1
         Boomerang         |       |       |       |       |       |     1 ||     1
   Cast: Foxfire           |    43 |    98 |   117 |   181 |    92 |     4 ||   535
         Scorch            |     4 |    14 |    47 |   150 |   264 |   106 ||   585
         Magic Dart        |     4 |    10 |       |     5 |     8 |     1 ||    28
         Kindle Blastspark |       |     1 |     9 |    34 |     6 |     2 ||    52
         Flame Wave        |       |       |     1 |    32 |    73 |    22 ||   128
         Arcjolt           |       |       |       |     2 |    18 |    73 ||    93
         Gell's Gravitas   |       |       |       |       |     9 |     1 ||    10
         Inner Flame       |       |       |       |       |     2 |       ||     2
         Dispersal         |       |       |       |       |       |     3 ||     3
         Eringya's Noxious |       |       |       |       |       |     3 ||     3
  Evoke: Wand              |       |       |       |       |       |     1 ||     1
    Use: Scroll            |       |       |     4 |    16 |    11 |     3 ||    34
         Potion            |       |       |       |     5 |     4 |       ||     9
   Stab: Sleeping          |     1 |       |       |       |     4 |     7 ||    12
         Distracted        |       |       |       |       |     2 |       ||     2
 Armour: Robe              |     3 |    10 |    14 |     1 |       |       ||    28
         Steam dragon scal |       |       |       |    82 |    44 |       ||   126
         Troll leather arm |       |       |       |       |    59 |   101 ||   160
  Dodge: Dodged            |    23 |    45 |    42 |   269 |   280 |   186 ||   845
  Block: Kite shield       |       |       |       |    81 |   168 |       ||   249
         Buckler           |       |       |       |       |   108 |   186 ||   294
         Reflection        |       |       |       |       |     8 |     1 ||     9

Table legend: (Time is in decaauts)
 A = Elapsed time spent in this place.
 B = Non-inter-level travel time spent in this place.
 C = Inter-level travel time spent in this place.
 D = Time resting spent in this place.
 E = Time spent auto-exploring this place.
 F = Levels seen in this place.
 G = Mean time per level.
                   A        B        C        D        E       F      G
               +--------+--------+--------+--------+--------+-----+--------+
         Total |  24715 |  22849 |   1866 |   4002 |  12751 |  26 |  950.6 |
       Dungeon |  14906 |  13816 |   1090 |   2793 |   7502 |  13 | 1146.6 |
        Temple |     49 |     34 |     15 |      0 |     21 |   1 |   49.0 |
          Lair |   4829 |   4381 |    448 |    679 |   2635 |   5 |  965.8 |
   Spider Nest |   2280 |   2153 |    127 |    230 |   1375 |   3 |  760.0 |
  Orcish Mines |   1537 |   1353 |    184 |    140 |    771 |   2 |  768.5 |
        Bailey |    620 |    620 |      0 |    125 |    301 |   1 |  620.0 |
      Gauntlet |    491 |    491 |      0 |     35 |    146 |   1 |  491.0 |
               +--------+--------+--------+--------+--------+-----+--------+

Top non-repeatable levels by time:
     D:8: 2624 daAuts
    D:10: 1741 daAuts
     D:9: 1612 daAuts
  Lair:1: 1552 daAuts
  Lair:2: 1400 daAuts
  Lair:4: 1336 daAuts
     D:7: 1108 daAuts
Spider:1: 1090 daAuts
Spider:2: 1077 daAuts
     D:1: 1043 daAuts
     D:4: 1012 daAuts
     D:5: 927 daAuts
    D:11: 922 daAuts
     D:6: 884 daAuts
    D:12: 867 daAuts
